 Dungeon Sprint DCSS version 0.21.1-1-g345015f (webtiles) character file.

292 Psiloshibe the Fighter (level 9, -7/124 HPs)
             Began as a Barachi Berserker on June 10, 2018.
             Was a High Priest of Trog.
             Killed from afar by Aizul (21 damage)
             ... with a bolt of poison
             ... in the Dungeon (Sprint VI: "Thunderdome").
             The game lasted 00:04:25 (525 turns).

Psiloshibe the Fighter (Barachi Berserker)           Turns: 525, Time: 00:04:26

Health: -7/124     AC: 10    Str: 34    XL:     9   Next: 17%
Magic:  8/8        EV: 20    Int: 13    God:    Trog [*****.]
Gold:   465        SH:  0    Dex: 17    Spells: 8/8 levels left

rFire    . . .     SeeInvis .   r - +0 whip (elec)
rCold    . . .     Gourm    .   (no shield)
rNeg     + . .     Faith    .   s - +0 chain mail
rPois    .         Spirit   .   (no helmet)
rElec    +         Reflect  .   (no cloak)
rCorr    .         Harm     .   (no gloves)
MR       +++..     NoTele   +   (no boots)
Stlth    ..........             p - amulet of the Circus Animal {-Tele rElec rN+ MR+ Regen+}
HPRegen  1.70/turn              n - ring "Gadygg" {*Drain EV+5 Int+7}
MPRegen  0.11/turn              o - ring "Ugoetybu" {rElec Str+9 Dex+4 Stlth-}

@: berserking (expiring), lethally poisoned (-7 -> -21), regenerating, very
quick
A: +LOS, swims, dopey 1, low mp 1, screaming 1, slowness 1, strong legs 1
a: Hop, Berserk, Trog's Hand, Brothers in Arms, Burn Spellbooks, Renounce
Religion


You were in the Dungeon.
You worshipped Trog.
Trog was extremely pleased with you.
You were very hungry.

You visited 1 branch You collected 600 gold pieces.
You spent 135 gold pieces at shops.

Inventory:

Hand Weapons
 r - a +0 whip of electrocution (weapon)
Missiles
 a - 6 javelins of returning (quivered)
 b - 6 silver javelins
Armour
 s - a +0 chain mail (worn)
Jewellery
 n - the ring "Gadygg" (left hand) {*Drain EV+5 Int+7}
   (You bought it in a shop in the Dungeon)

   [ring of evasion]

   It affects your evasion (+5).
   It affects your intelligence (+7).
   It causes draining when unequipped.
 o - the ring "Ugoetybu" (right hand) {rElec Str+9 Dex+4 Stlth-}
   (You bought it in a shop in the Dungeon)

   [ring of dexterity]

   It affects your strength (+9).
   It affects your dexterity (+4).
   It insulates you from electricity.
   It makes you less stealthy.
 p - the amulet of the Circus Animal (around neck) {-Tele rElec rN+ MR+ Regen+}
   (You bought it in a shop in the Dungeon)

   [amulet of regeneration]

   It insulates you from electricity.
   It protects you from negative energy.
   It affects your resistance to hostile enchantments.
   It prevents most forms of teleportation.
   It increases your rate of regeneration.
Wands
 k - a wand of acid (5)
 l - a wand of iceblast (5)
Scrolls
 i - 4 scrolls of blinking
 m - 3 scrolls of fog
Potions
 d - a potion of curing
 e - 4 potions of heal wounds
 f - 4 potions of haste
 g - 2 potions of magic
 h - a potion of berserk rage
 j - a potion of resistance
Comestibles
 c - a ration
 q - 2 chunks of flesh


   Skills:
 * Level 12.4 Fighting
   Level 11.6 Long Blades
 * Level 5.2 Maces & Flails
 * Level 9.3 Throwing
 + Level 7.3 Armour
 + Level 9.4 Dodging
 + Level 1.1 Stealth


You had 8 spell levels left.
You didn't know any spells.

Dungeon Overview and Level Annotations

Branches:
Dungeon (1/1)

Altars:
Cheibriados
Dithmenos
Fedhas
Gozag
Kikubaaqudgha
Makhleb
Okawaru
Qazlal
Ru
Sif Muna
Trog
Uskayaw
Vehumet
Wu Jian
Xom
Yredelemnul
Zin
The Shining One
Beogh
Jiyva
Lugonu

Shops:
D *[%??*?*:[((!!!!

Annotations:
D Aizul


Innate Abilities, Weirdness & Mutations

Shadows flee at your approach. (+LOS)
You can swim through water.
You cover ground slowly.
You can hop short distances.
You are dopey. (Int -2)
Your magical capacity is low. (-10% MP)
You occasionally shout uncontrollably at your foes.


Message History

You feel the effects of Trog's Hand fading.
You feel sick.
Aizul coils herself and waves her upper body at you.
The poison arrow misses you.
You closely miss Aizul.
Aizul is severely wounded.
You feel sick. Aizul hits you!
* * * LOW HITPOINT WARNING * * *
You miss Aizul.
Aizul is severely wounded.
You feel sick.
Aizul says, "Replaced!
How does it feel to be replaced?"
Aizul closely misses you.
You miss Aizul.
Aizul is severely wounded.
You feel sick. Aizul casts a spell at you. The bolt of poison hits you!
You are lethally poisoned!
You die...

##∩.....∩## #∩.......∩#
#_......._# #_......._#
#_......._# ###.........###
#⌠...........⌠#
#####.8.........8.######
∩_._......###...@...__∩##
........8.# #.8S.......∩###
.........)###.............##
.......###(..###..........⌠#
.......# #.<.# #..........⌠#
.......###...###.......(..⌠#
........[.###.............##
........8.# #.8........∩###
∩.__..).))###......___∩##


You could see Aizul.

Vanquished Creatures
  Pikel (D)
  A shining eye (D)
  5 floating eyes (D)
  5 wolves (D)
  2 big kobolds (D)
  Jessica (D)
  Ijyb (D)
  2 gnolls (D)
  An adder (D)
  A bat (D)
  2 goblins (D)
  A leopard gecko skeleton (D)
23 creatures vanquished.

Notes
Turn   | Place    | Note
-------+----------+-------------------------------------------
     0 | D        | Psiloshibe the Barachi Berserker began the quest for the Orb.
     0 | D        | Reached XP level 1. HP: 18/18 MP: 1/1
     0 | D        | Found a glowing silver altar of Zin.
     0 | D        | Found an ornate altar of the Wu Jian Council.
     3 | D        | Found a burning altar of Makhleb.
     3 | D        | Found a roughly hewn altar of Beogh.
     4 | D        | Found a sacrificial altar of Ru.
     4 | D        | Found a basalt altar of Yredelemnul.
     5 | D        | Found a shadowy altar of Dithmenos.
     5 | D        | Found an iron altar of Okawaru.
     5 | D        | Round 1.
     6 | D        | Found Lucowitu's Delicious Food.
     6 | D        | Found Esathaf's Identification Station.
     6 | D        | Found a bloodstained altar of Trog.
     7 | D        | Found Efruhoip's Jewellery.
     7 | D        | Found Bishi's Advanced Armour.
     7 | D        | Found a viscous altar of Jiyva.
     7 | D        | Found an ancient bone altar of Kikubaaqudgha.
     7 | D        | Found an opulent altar of Gozag.
    17 | D        | Bought a serpentine wooden ring for 45 gold pieces
    17 | D        | Bought a scintillating silver ring for 45 gold pieces
    17 | D        | Bought a slimy graven amulet for 45 gold pieces
    17 | D        | Identified the amulet of the Circus Animal {-Tele rElec rN+ MR+ Regen+} (You bought it in a shop in the Dungeon)
    18 | D        | Identified the ring "Gadygg" {*Drain EV+5 Int+7} (You bought it in a shop in the Dungeon)
    19 | D        | Identified the ring "Ugoetybu" {rElec Str+9 Dex+4 Stlth-} (You bought it in a shop in the Dungeon)
    31 | D        | Found a snail-covered altar of Cheibriados.
    32 | D        | Noticed Jessica
    32 | D        | Found a deep blue altar of Sif Muna.
    33 | D        | Found a radiant altar of Vehumet.
    33 | D        | Found a shimmering altar of Xom.
    33 | D        | Found Raizikyl's Premium Goods.
    33 | D        | Found Netzat's Weapon Rack.
    35 | D        | Found Ewnukeqy's Miscellaneous Merchandise.
    35 | D        | Found Noguqiwn's Basic Armour.
    42 | D        | Reached skill level 4 in Fighting
    45 | D        | Found a corrupted altar of Lugonu.
    46 | D        | Found a glowing golden altar of the Shining One.
    47 | D        | Found a stormy altar of Qazlal.
    48 | D        | Found Ossir's Do-It-Yourself Clinic.
    49 | D        | Found Bien Guo's Bottled Wisdom.
    49 | D        | Found Guhuyrr's Distillery.
    57 | D        | Killed Jessica
    57 | D        | Reached ** piety under Trog
    57 | D        | Reached skill level 5 in Fighting
    57 | D        | Reached skill level 5 in Long Blades
    57 | D        | Reached XP level 2. HP: 27/27 MP: 2/2
    57 | D        | Reached XP level 3. HP: 33/33 MP: 3/3
    63 | D        | Found a hide-covered altar of Uskayaw.
    63 | D        | Found a blossoming altar of Fedhas.
    63 | D        | Found Reatar's Distillery.
    72 | D        | Found Tamaso's Staff Store.
    73 | D        | Found Sauw Ulo's Magic Scroll Shop.
    73 | D        | Found Vaor's Must-Have Magic.
    73 | D        | Found Huadeodgh's Magic Scroll Shop.
   102 | D        | Arena points: 12 (+12) [x2]
   156 | D        | Round 2.
   162 | D        | Noticed a big kobold
   176 | D        | Killed a big kobold
   176 | D        | Reached *** piety under Trog
   176 | D        | Reached skill level 6 in Fighting
   176 | D        | Reached XP level 4. HP: 13/41 MP: 4/4
   179 | D        | Noticed Pikel
   179 | D        | Noticed a big kobold
   190 | D        | Killed a big kobold
   190 | D        | Reached skill level 7 in Fighting
   190 | D        | Reached XP level 5. HP: 48/48 MP: 5/5
   197 | D        | Killed Pikel
   197 | D        | Reached skill level 10 in Fighting
   197 | D        | Reached skill level 5 in Armour
   197 | D        | Reached XP level 6. HP: 53/60 MP: 6/6
   197 | D        | Reached XP level 7. HP: 59/66 MP: 7/7
   203 | D        | Noticed Ijyb
   220 | D        | Killed Ijyb
   242 | D        | Arena points: 48 (+36) [x3]
   297 | D        | Round 3.
   300 | D        | Paralysed by a floating eye for 4 turns
   307 | D        | Paralysed by a floating eye for 4 turns
   312 | D        | Reached **** piety under Trog
   313 | D        | Noticed a shining eye
   316 | D        | Gained mutation: You are dopey. (Int -2) [a shining eye]
   317 | D        | Paralysed by a floating eye for 4 turns
   320 | D        | Gained mutation: You occasionally shout uncontrollably at your foes. [a shining eye]
   322 | D        | Reached XP level 8. HP: 74/74 MP: 8/8
   324 | D        | Gained mutation: Your magical capacity is low. (-10% MP) [a shining eye]
   326 | D        | Killed a shining eye
   326 | D        | Received a gift from Trog
   326 | D        | Reached skill level 11 in Fighting
   333 | D        | Paralysed by a floating eye for 2 turns
   337 | D        | Paralysed by a floating eye for 3 turns
   342 | D        | Paralysed by a floating eye for 3 turns
   347 | D        | Paralysed by a floating eye for 3 turns
   351 | D        | Paralysed by a floating eye for 2 turns
   355 | D        | Paralysed by a floating eye for 3 turns
   360 | D        | Received a gift from Trog
   360 | D        | Reached skill level 12 in Fighting
   360 | D        | Reached skill level 1 in Maces & Flails
   360 | D        | Paralysed by a floating eye for 3 turns
   366 | D        | Arena points: 132 (+84) [x4]
   401 | D        | Round 4.
   430 | D        | Reached ***** piety under Trog
   445 | D        | Received a gift from Trog
   445 | D        | Reached skill level 1 in Stealth
   445 | D        | Reached XP level 9. HP: 81/82 MP: 8/8
   463 | D        | Received a gift from Trog
   463 | D        | Reached skill level 5 in Maces & Flails
   471 | D        | Arena points: 292 (+160) [x5]
   486 | D        | Round 5.
   504 | D        | Noticed Aizul
   525 | D        | Killed from afar by Aizul

Skill      XL: |  1  2  3  4  5  6  7  8  9 |
---------------+----------------------------+-----
Fighting       | 5 6 7 10 12 | 12.4
Long Blades    | 5 7 8 11 | 11.6
Throwing       | 2 3 4 6 7 9 |  9.3
Armour         | 3 4 5 6 7 |  7.3
Dodging        | 3 4 6 7 9 |  9.4
Maces & Flails | 3 5 |  5.2
Stealth        | 1 |  1.1

Action                   |  1- 3 |  4- 6 |  7- 9 || total
-------------------------+-------+-------+-------++-------
Melee: Falchion          |    30 |    11 |     1 ||    42
       Whip              |       |       |   120 ||   120
Invok: Berserk           |       |     1 |     2 ||     3
       Trog's Hand       |       |     1 |     2 ||     3
 Abil: Hop               |       |       |     2 ||     2
  Eat: Chunk             |       |       |     2 ||     2
Armor: Animal skin       |     7 |       |       ||     7
       Chain mail        |       |       |    13 ||    13
Dodge: Dodged            |    39 |     5 |   107 ||   151
       Rpst.: Falchion   |    13 |     1 |     1 ||    15
